 Dungeon Crawl Stone Soup version 0.31.0-9-g3a7656b989 (webtiles) character file.

Game seed: 3906174422270670300

4876 groovy9 the Skirmisher (level 10, -10/94 HPs)
             Began as a Minotaur Hunter on Jan 25, 2024.
             Was an Initiate of Hepliaklqana.
             Mangled by a white ugly thing (25 damage)
             ... on level 7 of the Dungeon.
             The game lasted 00:25:34 (6140 turns).

groovy9 the Skirmisher (Minotaur Hunter)            Turns: 6140, Time: 00:25:34

Health: -10/94     AC:  5    Str: 15    XL:     10   Next: 26%
Magic:  9/9        EV: 13    Int:  6    God:    Hepliaklqana [......]
Gold:   156        SH:  0    Dex: 25    Spells: 9/9 levels left

rFire   . . .        q - +0 arbalest (drain)
rCold   . . .        (shield currently unavailable)
rNeg    . . .        o - +1 animal skin
rPois   .            (helmet restricted)
rElec   .            (no cloak)
rCorr   .            u - +1 pair of gloves
SInv    .            (no boots)
Will    .....        (no amulet)
Stlth   ++           g - ring of flight
HPRegen 0.35/turn    i - +6 ring of dexterity
MPRegen 0.11/turn

%: no passive effects
@: flying
A: horns 2, retaliatory headbutt
a: Renounce Religion


You were on level 7 of the Dungeon.
You worshipped Hepliaklqana.
Hepliaklqana was noncommittal.
You visited 2 branches of the dungeon, and saw 8 of its levels.

You collected 309 gold pieces.
You spent 153 gold pieces at shops.

Inventory:

Hand Weapons
 a - the +7 mace of the Forging Augurer {holy, *Rage rPois rCorr Str+3}
   (You found it on level 5 of the Dungeon)

   Str+3:     It affects your strength (+3).
   rPois:     It protects you from poison *Rage: It berserks you when you make
   melee attacks (+20% chance).
   rCorr:     It protects you from acid and corrosion.
 q - a +0 arbalest of draining (weapon)
 y - a +0 orcbow
Missiles
 f - 10 throwing nets
Armour
 o - a +1 animal skin (worn)
 u - a +1 pair of gloves (worn)
 z - a +1 scale mail of poison resistance
Jewellery
 g - a ring of flight (left hand)
 i - a +6 ring of dexterity (right hand)
 r - a ring of magical power
 t - a ring of positive energy
 w - a ring of protection from fire
Wands
 b - a wand of light (8)
Scrolls
 c - a scroll of torment
 k - a scroll of fog
 s - a scroll of summoning {unknown}
Potions
 d - a potion of berserk rage
 e - a potion of mutation {unknown}
 h - 2 potions of attraction
 j - 2 potions of enlightenment
 l - 2 potions of might
 m - a potion of brilliance
 n - 4 potions of curing
 p - 2 potions of invisibility
 v - a potion of degeneration {unknown}
 x - a potion of heal wounds {unknown}


   Skills:
 + Level 10.4 Fighting
 - Level 4.8 Axes
 * Level 13.5 Ranged Weapons
 - Level 2.1 Dodging
 - Level 0.7 Stealth


You had 9 spell levels left.
You didn't know any spells.
Your spell library contained the following spells:

 Spells                   Type           Power      Damage    Failure   Level
 Freeze                   Ice            0%         1d3       45%         1
 Frozen Ramparts          Ice            0%         1d1       83%         3
 Hailstorm                Conj/Ice       0%         3d5       83%         3


Dungeon Overview and Level Annotations

Branches:
Dungeon (7/15)             Temple (1/1) D:7

Altars:
Cheibriados
Fedhas
Gozag
Hepliaklqana
Kikubaaqudgha
Nemelex Xobeh
Okawaru
Qazlal
Ru
Sif Muna
Trog
Vehumet
Wu Jian
Xom
Yredelemnul
The Shining One

Shops:
D:2 *   D:5 (   D:6 =([?[


Innate Abilities, Weirdness & Mutations

You have a pair of horns on your head.
You reflexively headbutt those who attack you in melee.


Message History

The two-headed ogre is heavily wounded.
The two-headed ogre barely misses you. You furiously retaliate!
You headbutt the two-headed ogre. The two-headed ogre barely misses you.
You shoot a bolt. The bolt hits the two-headed ogre!
The two-headed ogre is almost dead.
You shoot a bolt. The bolt hits the two-headed ogre!
You kill the two-headed ogre!
No target in view!
Items here: ))) ††.
You now have 156 gold pieces (gained 5).
Things that are here:
a +0 club; a +0 leather armour; an orc corpse A white ugly thing is nearby!
Okay, then.
Okay, then.
Okay, then.
Okay, then.
The white ugly thing gurgles horribly!
Fire: q) +0 arbalest (drain)
Press: ? - help, Q - select action, (/) - cycle Shift-Dir - straight line, f - white ugly thing
Aim: a white ugly thing (71% to hit)
You shoot a bolt. The bolt hits the white ugly thing!
The white ugly thing is lightly wounded.
The white ugly thing kicks you. The white ugly thing freezes you!!
Fire: q) +0 arbalest (drain)
Press: ? - help, Q - select action, (/) - cycle Shift-Dir - straight line, f/p - white ugly thing
Aim: a white ugly thing (lightly wounded, 71% to hit)
You shoot a bolt. The bolt hits the white ugly thing!!
The white ugly thing is heavily wounded.
The white ugly thing kicks you. The white ugly thing freezes you!!
* * * LOW HITPOINT WARNING * * *
Fire: q) +0 arbalest (drain)
Press: ? - help, Q - select action, (/) - cycle Shift-Dir - straight line, f/p - white ugly thing
Aim: a white ugly thing (heavily wounded, 71% to hit)
You shoot a bolt. The bolt hits the white ugly thing!!
The white ugly thing is almost dead.
The white ugly thing kicks you!
* * * LOW HITPOINT WARNING * * *
The white ugly thing freezes you!!
You die...

#........).#..#'###....+ ##.
#..........'.[...##....+ #.
##.........'.....##.#..## ..
#..........#.....##.....##...
##.........)#######..........
#............#####...##......#
#....####....................#
#...........#u..<.#...........
####.....#....@................
###.......###..#..##........##...
#...#...#..#...#..#.##.)...###...
.....#.#.......##..........# #...
......>.........#.........## ##..
.....#)#.................#####...
....#...#....#...#####.....##..##
..............#..# ###..[.....)
......)#.....##..# .#.........


You could see a white ugly thing.

Vanquished Creatures
  A two-headed ogre (D:7)
  A wraith (D:7)
  A slime creature (D:7)
  3 yaks (D:5)
  A wyvern (D:7)
  Menkaure (D:6)
  2 water moccasins
  2 black bears
  A sky beast (D:6)
  2 ice beasts
  An ogre (D:4)
  2 wolves (D:7)
  3 phantoms
  5 bullfrogs
  3 gnoll sergeants (D:7)
  3 scorpions
  10 wights
  A howler monkey (D:7)
  3 jellies
  2 gnoll boudas (D:7)
  3 orc priests
  3 hounds
  An iguana (D:5)
  8 orc wizards
  Robin (D:2)
  8 adders
  17 gnolls (D:7)
  2 shadow imps
  2 white imps
  2 ufetubi (D:7)
  2 dart slugs (D:1)
  A ribbon worm (D:5)
  16 orcs
  7 endoplasms
  5 giant cockroaches
  15 goblins
  4 hobgoblins
  6 jackals
  2 quokkas
  6 ball pythons
  8 bats
  6 frilled lizards
  4 kobolds
  2 rats (D:1)
179 creatures vanquished.

Notes
Turn   | Place    | Note
-------+----------+-------------------------------------------
     0 | D:1      | groovy9 the Minotaur Hunter began the quest for the Orb.
     0 | D:1      | Reached XP level 1. HP: 18/18 MP: 0/0
    94 | D:1      | Reached XP level 2. HP: 24/25 MP: 1/1
   284 | D:1      | Reached skill level 5 in Ranged Weapons
   437 | D:1      | Reached XP level 3. HP: 23/31 MP: 2/2
   809 | D:2      | Found Xoigaum's General Store.
  1092 | D:2      | Found an ancient bone altar of Kikubaaqudgha.
  1336 | D:2      | Noticed Robin
  1343 | D:2      | Killed Robin
  1344 | D:2      | Reached XP level 4. HP: 39/39 MP: 3/3
  1599 | D:3      | Found an opulent altar of Gozag.
  1684 | D:3      | Reached skill level 6 in Ranged Weapons
  1822 | D:3      | Found a faded altar of an unknown god.
  1942 | D:3      | Reached XP level 5. HP: 41/46 MP: 4/4
  2201 | D:3      | You are sucked into a shaft and drop 2 floors!
  2201 | D:5      | Entered Level 5 of the Dungeon
  2265 | D:4      | Noticed an ogre
  2549 | D:4      | Found a stormy altar of Qazlal.
  2559 | D:4      | Reached skill level 1 in Axes
  2626 | D:4      | Killed an ogre
  2627 | D:4      | Reached XP level 6. HP: 53/53 MP: 5/5
  2666 | D:4      | Noticed an ice beast
  2672 | D:4      | Reached skill level 7 in Ranged Weapons
  2778 | D:4      | Reached skill level 5 in Fighting
  2917 | D:4      | Killed an ice beast
  3187 | D:5      | Reached XP level 7. HP: 23/61 MP: 6/6
  3198 | D:5      | HP: 3/61 [something (3)]
  3409 | D:5      | Identified the +7 mace of the Forging Augurer {holy, *Rage
                  | rPois rCorr Str+3}
  3417 | D:5      | Noticed a yak
  3424 | D:5      | Noticed a yak
  3425 | D:5      | Killed a yak
  3426 | D:5      | Reached skill level 8 in Ranged Weapons
  3426 | D:5      | Noticed a yak
  3431 | D:5      | Killed a yak
  3434 | D:5      | Killed a yak
  3435 | D:5      | Reached XP level 8. HP: 63/70 MP: 7/7
  3590 | D:5      | Reached skill level 9 in Ranged Weapons
  3677 | D:5      | Found Lef Oriu's Weapon Boutique.
  3693 | D:5      | Bought a +0 arbalest for 49 gold pieces
  4020 | D:5      | Found a basalt altar of Yredelemnul.
  4266 | D:6      | Found Zoerch's Magic Scroll Boutique.
  4274 | D:6      | Bought 3 scrolls of identify for 78 gold pieces
  4277 | D:6      | Bought a scroll of identify for 26 gold pieces
  4288 | D:6      | Reached skill level 10 in Ranged Weapons
  4301 | D:6      | Found Ekhlunt's Armour Emporium.
  4497 | D:6      | Found Agitwyall's Antique Weapon Boutique.
  4531 | D:6      | Found Enag's Jewellery Shop.
  4567 | D:6      | Noticed Menkaure
  4643 | D:6      | Killed Menkaure
  4644 | D:6      | Reached XP level 9. HP: 44/81 MP: 8/8
  4789 | D:6      | Reached skill level 11 in Ranged Weapons
  5095 | D:6      | Found Quumo's Armour Shop.
  5294 | D:7      | Reached skill level 12 in Ranged Weapons
  5474 | D:7      | Found a staircase to the Ecumenical Temple.
  5480 | Temple   | Entered the Ecumenical Temple
  5486 | Temple   | Became a worshipper of Hepliaklqana the Forgotten
  5507 | D:7      | Noticed a boulder beetle
  5509 | D:7      | Noticed a white ugly thing
  5513 | D:7      | Noticed a two-headed ogre
  5946 | D:7      | Reached XP level 10. HP: 93/93 MP: 9/9
  5957 | D:7      | Reached skill level 13 in Ranged Weapons
  5991 | D:7      | Reached skill level 10 in Fighting
  6107 | D:7      | Killed a two-headed ogre
  6140 | D:7      | Mangled by a white ugly thing

Illustrated notes

Levels and vault maps discovered:
D:1:      dpeg_arrival_tiny_g, layout_loops_cross, grunt_decor_junction
D:2:      layout_basic, basic_altar, serial_bayou, serial_bayou_lake_a,
          serial_bayou_ford_a, serial_bayou_crossing, serial_bayou_lagoon_b,
          serial_bayou_pond_c, serial_bayou_pond_d, serial_shops, shop,
          uniq_robin
D:3:      layout_rooms, lemuel_crystal_altar,
          hellmonk_ecumenical_altar_heavens_door
D:4:      layout_rooms, mainiacjoe_overflow_paths, serial_bayou,
          serial_bayou_shore_b, serial_bayou_pond_c, serial_bayou_pond_e,
          serial_bayou_shore_a
D:5:      layout_loops_ring, mainiacjoe_overflow_surrounded_room, serial_shops,
          nicolae_shop_bloodbath_and_beyond
D:6:      layout_gridville, serial_shops, shop, shop,
          nicolae_shop_hallway_stairs, shop, nicolae_shop_stone, uniq_menkaure
D:7:      minmay_blocky_corners, layout_cave_pools,
          minmay_temple_entry_crystal_x, serial_gnoll_camp,
          gnoll_camp_mini_loothouse, gnoll_camp_mini_house,
          gnoll_camp_mini_house, gnoll_camp_mini_hut, gnoll_camp_mini_shop,
          gnoll_camp_huts_moat, kennysheep_generic_room_7
Temple:   hellmonk_temple_two_chambers

Skill      XL: |  1  2  3  4  5  6  7  8  9 10 |
---------------+-------------------------------+-----
Ranged Weapons | 5 6 7 8 10 12 13 | 13.5
Fighting       | 3 4 5 6 8 9 10 | 10.4
Axes           | 1 2 4 |  4.8
Dodging        | |  2.1
Stealth        | |  0.7

Action                     |  1- 3 |  4- 6 |  7- 9 | 10-12 || total
---------------------------+-------+-------+-------+-------++-------
  Melee: Dagger            |     8 |    17 |       |       ||    25
         Whip              |       |    27 |    16 |       ||    43
         Headbutt          |       |     8 |     8 |       ||    16
         Mace              |       |       |    22 |       ||    22
         Punch             |       |       |     1 |       ||     1
   Fire: Shortbow          |   120 |    98 |       |       ||   218
         Orcbow            |       |    10 |     6 |       ||    16
         Arbalest          |       |       |   166 |    45 ||   211
    Use: Scroll            |       |       |    16 |       ||    16
         Potion            |       |       |     2 |       ||     2
   Stab: Sleeping          |       |     1 |     1 |       ||     2
 Armour: Leather armour    |    35 |     4 |       |       ||    39
         Animal skin       |       |    40 |    74 |     5 ||   119
  Dodge: Dodged            |    25 |    36 |    63 |    10 ||   134
